 Dungeon Crawl Stone Soup version 0.29.1-15-g9cfb28693d (webtiles) character file.

Game seed: 4280335303620690793

110 Barriton the Conjurer (level 4, -1/33 HPs)
             Began as a Draconian Conjurer on Apr 25, 2023.
             Slain by a gnoll
             ... wielding a +0 flail
              (3 damage)
             ... on level 2 of the Dungeon.
             The game lasted 00:03:09 (2592 turns).

Barriton the Conjurer (Draconian Conjurer)          Turns: 2592, Time: 00:03:10

Health: -1/33      AC:  6    Str:  9    XL:     4   Next: 61%
Magic:  0/7        EV: 12    Int: 18    God:
Gold:   174        SH:  0    Dex: 12    Spells: 4/8 levels left

rFire   . . .      SeeInvis +   b - +0 spear
rCold   . . .      Faith    .   (no shield)
rNeg    . . .      Spirit   .   (body armour unavailable)
rPois   .          Reflect  .   (helmet restricted)
rElec   .          Harm     .   (no cloak)
rCorr   .          Rampage  .   f - +0 pair of gloves {infuse}
Will    .....                   (no boots)
Stlth   ++........              (no amulet)
HPRegen 0.11/turn               e - ring of see invisible
MPRegen 0.10/turn               (no ring)

@: no status effects
A: AC +5, unfitting armour, cold-blooded
a: no special abilities


You were on level 2 of the Dungeon.
You visited 1 branch of the dungeon, and saw 3 of its levels.

You collected 174 gold pieces.

Inventory:

Hand Weapons
 b - a +0 spear (weapon)
Armour
 f - a +0 pair of gloves of infusion (worn)
Jewellery
 e - a ring of see invisible (left hand)
Wands
 h - a wand of flame (7)
Scrolls
 i - a scroll of identify
Potions
 a - a potion of magic
 c - a potion of brilliance {unknown}
 d - a potion of might
 g - a potion of flight {unknown}
 j - a potion of ambrosia {unknown}


   Skills:
 + Level 0.2 Fighting
 + Level 2.3 Dodging
 + Level 2.2 Stealth
 + Level 2.5 Spellcasting
 + Level 5.1 Conjurations
 + Level 0.7 Summonings


You had 4 spell levels left.
You knew the following spells:

 Your Spells              Type           Power      Damage    Failure   Level
a - Magic Dart            Conj           80%        1d7       1%          1
b - Searing Ray           Conj           40%        2d5       3%          2
c - Summon Small Mammal   Summ           16%        N/A       13%         1

Your spell library contained the following spells:

 Spells                   Type           Power      Damage    Failure   Level
 Apportation              Tloc           4%         N/A       17%         1
 Necrotise                Necr           8%         1d4       17%         1
 Dazzling Flash           Conj/Hex       22%        N/A       19%         3
 Fulminant Prism          Conj/Hex       5%         3d7       52%         4
 Iskenderun's Mystic Bla  Conj/Tloc      11%        2d4       52%         4


Dungeon Overview and Level Annotations

Branches:
Dungeon (3/15)

Altars:


Innate Abilities, Weirdness & Mutations

Your plain brown scales are hard. (AC +5)
You cannot fit into any form of body armour.
You are cold-blooded and may be slowed by cold attacks.


Message History

The searing ray hits the worm!
The worm is severely wounded.
The searing ray misses the gnoll.
The gnoll barely misses you.
The searing ray hits the worm!
You kill the worm!
The searing ray hits the gnoll!
You kill the gnoll!
You finish channelling your searing ray.
The gnoll hits you with a +0 flail.
* * * LOW HITPOINT WARNING * * *
The gnoll hits you with a +0 flail.
* * * LOW HITPOINT WARNING * * *
The dart slug bites you but does no damage.
You climb upwards.
There is a stone staircase leading down, spattered with blood here.
Okay, then.
Casting: Searing Ray (safe; 3% risk of failure)
Confirm with . or Enter, or press ? or * to list all spells.
Aiming: Magic Dart (safe; 1% risk of failure)
Press: ? - help, Shift-Dir - straight line, f - dart slug
Aim: a dart slug (100% to hit)
The magic dart hits the dart slug.
The dart slug is severely wounded.
The gnoll barely misses you.
You completely miss the dart slug. You tail-slap the dart slug.
The dart slug is almost dead.
The gnoll closely misses you. The dart slug misses you.
You hit the dart slug.
You kill the dart slug!
The gnoll closely misses you. The gnoll closely misses you.
You see here a dart slug corpse.
The gnoll attacks as you move away! The gnoll misses you.
The gnoll attacks as you move away! The gnoll hits you with a +0 flail.
* * * LOW HITPOINT WARNING * * *
Casting: Magic Dart (safe; 1% risk of failure)
Confirm with . or Enter, or press ? or * to list all spells.
You don't know that spell.
The gnoll attacks as you move away! The gnoll hits you with a +0 flail.
You die...

....................#
................#####
........#.......#
........#.......##
........+........#
........#........#
..##....#........#
..##....#....###.#######
..+.....+.......@g...†>#
..##+####........#.###)#
#........##.#..###.# #.#
#..................###.#
#........##..##.#####..#
.........##.....# ##.##
....#######.########..#
....##....#..)........#######
...###....#####.......#<....#


You could see a gnoll.

Vanquished Creatures
  Jessica (D:2)
  3 gnolls
  An adder (D:2)
  A worm (D:3)
  A dart slug (D:2)
  5 bats
  3 endoplasms
  6 goblins
  3 hobgoblins
  3 jackals (D:2)
  6 kobolds
  3 ball pythons
  3 rats (D:1)
39 creatures vanquished.

Notes
Turn   | Place    | Note
-------+----------+-------------------------------------------
     0 | D:1      | Barriton the Draconian Conjurer began the quest for the
                  | Orb.
     0 | D:1      | Reached XP level 1. HP: 14/14 MP: 3/3
   433 | D:1      | Reached XP level 2. HP: 11/20 MP: 1/5
  1225 | D:1      | Found a faded altar of an unknown god.
  1517 | D:2      | Noticed Jessica
  1519 | D:2      | Killed Jessica
  1520 | D:2      | Reached skill level 5 in Conjurations
  1520 | D:2      | Reached XP level 3. HP: 26/26 MP: 3/6
  1889 | D:2      | Reached XP level 4. HP: 33/33 MP: 4/7
  2328 | D:2      | Learned a level 2 spell: Searing Ray
  2330 | D:2      | Learned a level 1 spell: Summon Small Mammal
  2592 | D:2      | Slain by a gnoll

Illustrated notes

Levels and vault maps discovered:
D:1:      dpeg_arrival_signposts, layout_rooms,
          shapermc_ecumenical_altar_mp_urbaneastern, hangedman_decor_push
D:2:      layout_basic, uniq_jessica
D:3:      layout_rooms, cheibriados_altar_1, okawaru_gym_becter,
          serial_bayou_ford_a, minivault_27, nrook_mini_backslash

Skill      XL: |  1  2  3 |
---------------+----------+-----
Dodging        | 2 |  2.3
Conjurations   | 5 |  5.1
Stealth        | 2 |  2.2
Fighting       | |  0.2
Spellcasting   | |  2.5
Summonings     | |  0.7

Action                   |  1- 3 |  4- 6 || total
-------------------------+-------+-------++-------
Melee: Unarmed           |    24 |       ||    24
       Spear             |    18 |    23 ||    41
       Tailslap          |     2 |     5 ||     7
       Punch             |       |     1 ||     1
 Cast: Magic Dart        |    58 |     9 ||    67
       Summon Small Mamm |       |     3 ||     3
       Searing Ray       |       |     2 ||     2
  Use: Scroll            |     4 |     1 ||     5
Armor: Skin              |    15 |    10 ||    25
Dodge: Dodged            |    34 |    34 ||    68
